 Dungeon Crawl Stone Soup version 0.32-a0-913-g739538afd8 (webtiles) character file.

Game seed: 7103658825502069360

12653 Cancer the Geomancer (level 11, 0/61 HPs)
             Began as a Gargoyle Earth Elementalist on Apr 9, 2024.
             Was a Believer of Vehumet.
             Slain by a polar bear (2 damage)
             ... on level 1 of the Lair of Beasts.
             The game lasted 00:41:16 (11670 turns).

Cancer the Geomancer (Gargoyle Earth Elementalist) Turns: 11670, Time: 00:41:17

Health: 0/61       AC: 15    Str: 11    XL:     11   Next: 96%
Magic:  7/33       EV: 10    Int: 21    God:    Vehumet [**....]
Gold:   620        SH:  0    Dex: 10    Spells: 19/28 levels left

rFire   . . .        G - +7 dire flail (pain)
rCold   . . .        (shield currently unavailable)
rNeg    + . .        V - +0 troll leather armour
rPois   ∞            J - +0 helmet
rElec   +            (no cloak)
rCorr   .            p - +0 pair of gloves
SInv    +            k - +0 pair of boots
Will    .....        (no amulet)
Stlth   ++           g - ring of magical power
HPRegen 1.10/turn    o - ring of see invisible
MPRegen 0.23/turn

%: no passive effects
@: no status effects
A: sickness immunity, AC +8, negative energy resistance 1, electricity
resistance, torment resistance 1, petrification resistance
a: Renounce Religion


You were on level 1 of the Lair of Beasts.
You worshipped Vehumet.
Vehumet was pleased with you.
You visited 3 branches of the dungeon, and saw 13 of its levels.
You also visited: Sewer.

You collected 620 gold pieces.

Inventory:

Hand Weapons
 G - a +7 dire flail of pain (weapon)
 I - a +1 dagger of venom
Armour
 k - a +0 pair of boots (worn)
 p - a +0 pair of gloves (worn)
 F - a +2 leather armour of willpower
 H - a +3 chain mail of cold resistance
 J - a +0 helmet (worn)
 P - +0 steam dragon scales
 V - a +0 troll leather armour (worn)
Magical Staves
 B - a staff of cold
Jewellery
 g - a ring of magical power (left hand)
 o - a ring of see invisible (right hand)
 M - a +6 ring of intelligence
 U - a ring of protection from fire
Scrolls
 a - a scroll of blinking {unknown}
 d - 2 scrolls of poison {unknown}
 f - a scroll of fear {unknown}
 i - 7 scrolls of enchant weapon {unknown}
 l - 5 scrolls of revelation {unknown}
 m - 10 scrolls of identify {unknown}
 n - 4 scrolls of amnesia {unknown}
 q - a scroll of butterflies {unknown}
 s - 2 scrolls of enchant armour {unknown}
 t - 4 scrolls of teleportation {unknown}
 u - 2 scrolls of noise {unknown}
 w - a scroll of acquirement {unknown}
 y - 2 scrolls of silence {unknown}
 z - 2 scrolls of fog {unknown}
 K - a scroll of torment {unknown}
 R - a scroll of vulnerability {unknown}
Potions
 b - a potion of magic
 c - 9 potions of curing {unknown}
 e - 3 potions of lignification {unknown}
 h - 2 potions of heal wounds {unknown}
 j - 5 potions of haste {unknown}
 r - 2 potions of might {unknown}
 v - a potion of cancellation {unknown}
 x - 5 potions of berserk rage {unknown}
 C - 3 potions of brilliance {unknown}
 D - 2 potions of invisibility {unknown}
 E - 4 potions of mutation {unknown}
 L - a potion of enlightenment {unknown}
 O - 3 potions of ambrosia {unknown}
 Q - a potion of degeneration {unknown}


   Skills:
 - Level 4.0 Fighting
 - Level 4.0 Armour
 - Level 1.5 Dodging
 - Level 4.0 Stealth
 + Level 9.4 Spellcasting
 + Level 10.9 Conjurations
 - Level 2.0 Translocations
 * Level 3.6 Fire Magic
 + Level 12.4 Earth Magic


You had 19 spell levels left.
You knew the following spells:

 Your Spells              Type           Power      Damage    Failure   Level
a - Sandblast             Erth           100%       2d20      1%          1
b - Stone Arrow           Conj/Erth      100%       3d13      1%          3
c - Passwall              Erth           58%        N/A       1%          3
d - Blink                 Tloc           36%        N/A       6%          2

Your spell library contained the following spells:

 Spells                   Type           Power      Damage    Failure   Level
 Mercury Vapours          Alch/Air       18%        N/A       13%         2
 Foxfire                  Conj/Fire      100%       2x1d9     1%          1
 Shock                    Conj/Air       100%       1d9       1%          1
 Sting                    Conj/Alch      100%       1d9       1%          1
 Momentum Strike          Conj/Tloc      74%        3d10      1%          2
 Brom's Barrelling Bould  Conj/Erth      56%        2d7       1%          4
 Apportation              Tloc           36%        N/A       3%          1
 Lesser Beckoning         Tloc           36%        N/A       6%          2
 Iskenderun's Mystic Bla Conj/Tloc 37%            2d9        (+2d4     6%          4
 Petrify                  Alch/Erth      35%        N/A       7%          4
 Necrotise                Necr           36%        1d5       9%          1
 Summon Small Mammal      Summ           36%        N/A       9%          1
 Call Canine Familiar     Summ           9%         N/A       26%         3
 Swiftness                Air            9%         N/A       26%         3
 Tukima's Dance           Hex            9%         N/A       26%         3
 Dimensional Bullseye     Hex/Tloc       7%         N/A       50%         4
 Starburst                Conj/Fire      20%        6d7       54%         6
 Airstrike                Air            4%         2d(1-17)  65%         4
 Summon Forest            Summ/Tloc      7%         N/A       85%         5
 Plasma Beam              Fire/Air       8%         2x1d19    99%         6
 Eringya's Noxious Bog    Alch           4%         4d6       100%        6
 Summon Cactus Giant      Summ           4%         N/A       100%        6
 Summon Hydra             Summ           4%         N/A       100%        7
 Summon Horrible Things   Summ           4%         N/A       100%        8


Dungeon Overview and Level Annotations

Branches:
Dungeon (11/15)            Temple (1/1) D:5            Lair (1/5) D:10
    Orc (0/2) D:9           Sewer (visited)

Altars:
Ashenzari
Cheibriados
Dithmenos
Elyvilon
Fedhas
Gozag
Hepliaklqana
Kikubaaqudgha
Makhleb
Nemelex Xobeh
Okawaru
Qazlal
Ru
Sif Muna
Trog
Uskayaw
Vehumet
Wu Jian
Xom
Yredelemnul
Zin
The Shining One

Annotations:
D:6 1 runed translucent door, ratmeat3's ghost, novice OpFi
D:10 stash


Innate Abilities, Weirdness & Mutations

You are immune to sickness and miasma.
Your stone body is resilient. (AC +8)
You are immune to poison.
You resist negative energy. (rN+)
You are resistant to electric shocks. (rElec)
You are resistant to unholy torment.
You are immune to petrification.


Message History

The stone arrow hits the torpor snail!!
You kill the torpor snail!
Vehumet accepts your kill.
You feel your power returning.
You feel yourself speed up. The polar bear bites you.
The polar bear claws you. x2
The hornet closely misses you. The polar bear bites you.
* * * LOW HITPOINT WARNING * * *
The polar bear barely misses you. The polar bear misses you.
Casting: Stone Arrow (safe; 1% risk of failure)
Confirm with . or Enter, or press ? or * to list all spells.
Aiming: Stone Arrow (safe; 1% risk of failure)
Press: ? - help, Shift-Dir - straight line, f - hornet
Aim: a hornet (66% to hit)
The stone arrow hits the hornet!
The hornet is heavily wounded.
The hornet barely misses you. The polar bear bites you!
* * * LOW HITPOINT WARNING * * *
The polar bear claws you.
* * * LOW HITPOINT WARNING * * *
The polar bear claws you but does no damage.
Casting: Stone Arrow (safe; 1% risk of failure)
Confirm with . or Enter, or press ? or * to list all spells.
Aiming: Stone Arrow (safe; 1% risk of failure)
Press: ? - help, Shift-Dir - straight line, f/p - hornet
Aim: a hornet (heavily wounded, 66% to hit)
The stone arrow misses the hornet.
The hornet stings you but does no damage.
The hornet barely misses you. The polar bear bites you!
* * * LOW HITPOINT WARNING * * *
The polar bear closely misses you.
The polar bear claws you but does no damage.
Casting: Stone Arrow (safe; 1% risk of failure)
Confirm with . or Enter, or press ? or * to list all spells.
Aiming: Stone Arrow (safe; 1% risk of failure)
Press: ? - help, Shift-Dir - straight line, f/p - hornet
Aim: a hornet (heavily wounded, 66% to hit)
The stone arrow misses the hornet.
The hornet barely misses you. The polar bear bites you.
You die...

...........#####.##.#..#########.
###........P# #####.............
.......###.### ##............
.....###.###.### #............
....##......†..# #............
...##..###..#..# #............
...# #≈≈.≈##.### #...###.#####
.#.# #S≈≈≈≈ #.y.####...##### ####
.≈≈k~≈≈ ##h@#.#P....# # .)≈≈~~≈
##†.......## # .≈≈h~~~
#.........# # ##≈≈≈~~ #####.###.#
# ####..# ## # #### ###.########.
## #####..###............ .###
###.....................
##.#######.......................


You could see a polar bear and a hornet.

Vanquished Creatures
  A two-headed ogre (D:8)
  Urug (D:10)
  A black mamba (Lair:1)
  A torpor snail (Lair:1)
  A cane toad (Lair:1)
  2 komodo dragons
  4 trolls
  Grinder (D:6)
  3 blink frogs (Lair:1)
  Sigmund (D:6)
  3 wyverns
  3 steam dragons
  A shadow (D:9)
  Eustachio (D:6)
  17 yaks
  2 basilisks (Lair:1)
  Edmund (D:4)
  4 water moccasins
  2 black bears
  2 sky beasts
  5 orc warriors
  An ice beast (D:8)
  An ogre (D:5)
  3 centaurs
  4 phantoms
  3 kobold brigands
  5 bullfrogs
  A gnoll sergeant (D:10)
  2 scorpions (D:5)
  3 wights (D:9)
  4 killer bees (D:9)
  An electric eel (Lair:1)
  3 howler monkeys (D:10)
  2 bombardier beetles
  A gnoll bouda (D:6)
  4 hounds
  7 orc priests
  A jelly (D:6)
  3 iguanas
  15 orc wizards
  Natasha (thrice) (D:2)
  A hell rat (Sewer)
  15 gnolls
  2 river rats (Sewer)
  2 adders
  A shadow imp (D:6)
  4 ufetubi
  2 dart slugs
  19 orcs
  7 bats
  5 endoplasms
  2 giant cockroaches (D:6)
  10 goblins
  4 hobgoblins
  A jackal (D:1)
  13 kobolds
  10 quokkas
  3 ball pythons
  2 frilled lizards (D:1)
  9 rats
236 creatures vanquished.

Notes
Turn   | Place    | Note
-------+----------+-------------------------------------------
     0 | D:1      | Cancer the Gargoyle Earth Elementalist began the quest for
                  | the Orb.
     0 | D:1      | Reached XP level 1. HP: 10/10 MP: 3/3
   139 | D:1      | Reached XP level 2. HP: 15/15 MP: 3/5
   323 | D:1      | Reached skill level 4 in Earth Magic
   529 | D:1      | Reached XP level 3. HP: 18/19 MP: 3/6
  1139 | D:2      | Noticed Natasha
  1141 | D:2      | Killed Natasha
  1142 | D:2      | Reached XP level 4. HP: 23/24 MP: 8/8
  1183 | D:2      | Found a faded altar of an unknown god.
  1223 | D:2      | Noticed Natasha
  1231 | D:2      | Killed Natasha
  1397 | D:2      | Noticed Natasha
  1412 | D:2      | Killed Natasha
  1413 | D:2      | Reached XP level 5. HP: 18/28 MP: 9/9
  1685 | D:3      | Got the Compilation of Generation
  2074 | D:3      | Reached skill level 5 in Earth Magic
  2375 | D:4      | Noticed a phantom
  2385 | D:4      | Killed a phantom
  2386 | D:4      | Reached XP level 6. HP: 27/32 MP: 11/11
  2695 | D:4      | Reached skill level 6 in Earth Magic
  2695 | D:4      | Reached XP level 7. HP: 28/36 MP: 13/13
  2753 | D:4      | Noticed Edmund
  2787 | D:4      | Found a shimmering altar of Xom.
  2977 | D:4      | Learned a level 3 spell: Stone Arrow
  2981 | D:4      | Learned a level 3 spell: Passwall
  2997 | D:5      | Entered Level 5 of the Dungeon
  3037 | D:5      | Found a staircase to the Ecumenical Temple.
  3047 | Temple   | Entered the Ecumenical Temple
  3071 | D:5      | Found a hide-covered altar of Uskayaw.
  3214 | D:5      | Reached skill level 5 in Conjurations
  3548 | D:5      | Reached skill level 5 in Spellcasting
  3548 | D:5      | Reached skill level 7 in Earth Magic
  3548 | D:5      | Reached XP level 8. HP: 41/41 MP: 15/15
  3843 | D:5      | Found a sacrificial altar of Ru.
  3846 | D:5      | Found a sparkling altar of Nemelex Xobeh.
  4009 | D:6      | Found a stormy altar of Qazlal.
  4099 | D:6      | Noticed Sigmund
  4116 | D:6      | Found a glowing drain.
  4237 | Sewer    | Entered a sewer
  4476 | D:6      | Found a runed translucent door.
  4528 | D:6      | Noticed ratmeat3's ghost (novice OpFi)
  4528 | D:6      | Noticed a skeletal warrior
  4615 | D:6      | Noticed Grinder
  4672 | D:6      | Reached skill level 8 in Earth Magic
  4971 | D:6      | Noticed Eustachio
  4992 | D:6      | Killed Eustachio
  5101 | D:6      | Reached XP level 9. HP: 42/45 MP: 18/18
  5279 | D:4      | Killed Edmund
  5280 | D:4      | Reached skill level 1 in Armour
  5404 | D:6      | Killed Sigmund
  5561 | D:6      | Killed Grinder
  5626 | D:7      | Reached skill level 9 in Earth Magic
  5808 | D:7      | Found a radiant altar of Vehumet.
  5818 | D:7      | Became a worshipper of Vehumet
  5824 | D:7      | Found an ancient bone altar of Kikubaaqudgha.
  5835 | D:7      | Found a shimmering blue altar of Sif Muna.
  5849 | D:7      | Got Sif Muna's Excursus on Companions
  6037 | D:7      | Found a blossoming altar of Fedhas.
  6530 | D:8      | Reached XP level 10. HP: 38/50 MP: 21/21
  6531 | D:8      | Reached skill level 10 in Earth Magic
  6654 | D:8      | Reached * piety under Vehumet
  6654 | D:8      | Offered knowledge of Shock by Vehumet.
  7409 | D:8      | Noticed a two-headed ogre
  7444 | D:8      | Killed a two-headed ogre
  7538 | D:8      | Reached skill level 11 in Earth Magic
  8219 | D:9      | Reached skill level 1 in Fighting
  8227 | D:9      | Found an iron altar of Okawaru.
  8251 | D:9      | Found a staircase to the Orcish Mines.
  8794 | D:9      | Reached XP level 11. HP: 56/57 MP: 23/23
  8948 | D:9      | Reached skill level 10 in Conjurations
  9126 | D:10     | Entered Level 10 of the Dungeon
  9130 | D:10     | Noticed Urug
  9649 | D:10     | Found a staircase to the Lair.
 10313 | D:10     | Killed Urug
 10512 | D:10     | Reached skill level 12 in Earth Magic
 10711 | D:11     | Noticed a cyclops
 10711 | D:11     | Noticed a manticore
 10711 | D:11     | Noticed a manticore
 10711 | D:11     | Noticed a tengu warrior
 10711 | D:11     | Found the +3 Elemental Staff {ele, rElec rF+ rC+ AC+3}
 10714 | D:11     | Noticed a boulder beetle
 10714 | D:11     | Noticed a seven-headed hydra
 10720 | D:10     | Learned a level 2 spell: Blink
 10756 | Lair:1   | Entered Level 1 of the Lair of Beasts
 10879 | Lair:1   | Reached skill level 1 in Fire Magic
 10886 | Lair:1   | Reached ** piety under Vehumet
 11004 | Lair:1   | Reached skill level 1 in Translocations
 11036 | Lair:1   | Offered knowledge of Mercury Vapours by Vehumet.
 11669 | Lair:1   | HP: 1/61 [polar bear (7)]
 11670 | Lair:1   | Slain by a polar bear

Illustrated notes

Levels and vault maps discovered:
D:1:      dpeg_arrival_windows_large_door, layout_rooms, minmay_tall_x
D:2:      layout_basic, hellmonk_ecumenical_altar_prayer_group, uniq_natasha
D:3:      layout_loops_ring, minmay_misc_feat_alley, minmay_bisected
D:4:      layout_basic, kennysheep_mini, uniq_edmund
D:5:      layout_gridville, mainiacjoe_overflow_alcove_2,
          nicolae_overflow_squiral, minmay_temple_entry_proselytizer,
          kennysheep_generic_room_8
D:6:      layout_basic, nicolae_qazlal_general_emergency,
          ebering_ghost_inner_flame, gup_sewer_entry_pipe, uniq_eustachio,
          uniq_grinder, uniq_sigmund
D:7:      layout_basic, palyth_temple_overflow_mages,
          fedhas_bush_and_centaur_altar, grunt_decor_clamped
D:8:      minmay_chambers_of_sixes, layout_basic
D:9:      layout_small_grid, okawaru_trees_1, orc_0_dummy,
          serial_library_regret_index_small_wings, minmay_between
D:10:     layout_loops_ring, david_lair_shrubbed, hangedman_glass_teeth,
          uniq_urug
D:11:     minmay_ambush_box, layout_gridville, blue_anna_alchemist,
          minmay_hollow_rounded_squares
Temple:   nicolae_temple_godzebo
Lair:1:   layout_chaotic_city, pdpol_lair_cavern_descent, grunt_megastairs_1

Skill      XL: |  1  2  3  4  5  6  7  8  9 10 11 |
---------------+----------------------------------+-----
Earth Magic    | 4 5 6 7 8 9 11 12 | 12.4
Conjurations   | 2 3 4 5 7 8 9 10 | 10.9
Spellcasting   | 3 4 5 6 7 8 9 |  9.4
Armour         | 4 |  4.0
Fighting       | 1 4 |  4.0
Stealth        | 3 4 |  4.0
Fire Magic     | 3 |  3.6
Translocations | 2 |  2.0
Dodging        | |  1.5

Action                     |  1- 3 |  4- 6 |  7- 9 | 10-12 || total
---------------------------+-------+-------+-------+-------++-------
  Melee: Unarmed           |    29 |       |       |       ||    29
         Dire flail        |       |       |    15 |    21 ||    36
   Cast: Sandblast         |    54 |    67 |   137 |   152 ||   410
         Stone Arrow       |       |       |    14 |    65 ||    79
         Passwall          |       |       |     4 |       ||     4
   Stab: Sleeping          |       |       |     3 |       ||     3
         Distracted        |       |       |       |     1 ||     1
 Armour: Robe              |    50 |    30 |    23 |       ||   103
         Leather armour    |       |       |    60 |    40 ||   100
         Steam dragon scal |       |       |       |    69 ||    69
         Troll leather arm |       |       |       |    61 ||    61
  Dodge: Dodged            |    39 |    13 |    73 |    97 ||   222

Table legend: (Time is in decaauts)
 A = Elapsed time spent in this place.
 B = Non-inter-level travel time spent in this place.
 C = Inter-level travel time spent in this place.
 D = Time resting spent in this place.
 E = Time spent auto-exploring this place.
 F = Levels seen in this place.
 G = Mean time per level.
                   A        B        C        D        E       F      G
               +--------+--------+--------+--------+--------+-----+--------+
         Total |  11927 |  10381 |   1546 |    201 |   7072 |  14 |  851.9 |
       Dungeon |  10843 |   9297 |   1546 |    195 |   6263 |  11 |  985.7 |
        Temple |      1 |      1 |      0 |      0 |      0 |   1 |    1.0 |
          Lair |    944 |    944 |      0 |      6 |    753 |   1 |  944.0 |
         Sewer |    138 |    138 |      0 |      0 |     55 |   1 |  138.0 |
               +--------+--------+--------+--------+--------+-----+--------+

Top non-repeatable levels by time:
     D:8: 1826 daAuts
    D:10: 1421 daAuts
     D:6: 1396 daAuts
     D:9: 1054 daAuts
     D:4: 976 daAuts
     D:5: 953 daAuts
  Lair:1: 944 daAuts
     D:7: 912 daAuts
     D:2: 809 daAuts
     D:3: 792 daAuts
     D:1: 695 daAuts
   Sewer: 138 daAuts
    D:11: 4 daAuts
  Temple: 1 daAuts
